 Dungeon Sprint DCSS version 0.24-a0-250-g6074511092 (webtiles) character file.

Game seed: 278193626155779619

194146 Redear the Wrestler (level 16, -3/174 (178) HPs)
             Began as a Troll Fighter on Apr 15, 2019.
             Was the Champion of Cheibriados (penitent).
             Slain by Mennas
             ... wielding a +1 trishula of holy wrath
              (12 damage)
             ... in the Dungeon (Sprint III: "The Ten Rune Challenge").
             The game lasted 01:04:51 (6311 turns).

Redear the Wrestler (Troll Fighter)                 Turns: 6311, Time: 01:04:52

HP:   -3/174 (178)  AC: 30    Str: 30    XL:     16   Next: 52%
MP:   29/29         EV: 21    Int:  9    God:    Cheibriados [*]
Gold: 1222          SH:  0    Dex: 18    Spells: 10/15 levels left

rFire    . . .     SeeInvis +     - Unarmed
rCold    + + .     Gourm    +   A - +0 large shield {reflect} {Reflect}
rNeg     + . .     Faith    .   l - +7 ice dragon scales of Philately {rF- rC++ Int+4 Dex+5 Stlth+}
rPois    .         Spirit   .   a - +2 hat {SInv} {SInv}
rElec    .         Reflect  +   e - +0 cloak
rCorr    .         Harm     .   (gloves unavailable)
MR       +....     NoTele   +   (boots unavailable)
Stlth    ..........             S - amulet of Recklessness {rN+ Regen+ SInv}
HPRegen  1.19/turn              J - ring of flight {+Fly}
MPRegen  0.21/turn              t - ring of protection from fire {rF+}

@: confused, berserk cooldown, slowed, glowing, silenced, very slow
A: large, unfitting armour, claws 3, fast metabolism 3, gourmand, regeneration
1, shaggy fur 1, strong 1, tough skin 3, MP-powered wands
}: 4/10 runes: decaying, serpentine, silver, golden
a: Renounce Religion, Evoke Flight


You were in the Dungeon.
You worshipped Cheibriados.
Cheibriados was demanding penance.
You were full.

You visited 1 branch You collected 3398 gold pieces.
You spent 2176 gold pieces at shops.

Inventory:

Missiles
 b - a large rock of returning
 G - 6 large rocks (quivered)
 Z - 2 throwing nets {+f}
Armour
 a - a +2 hat of see invisible (worn) {SInv}
 e - a +0 cloak (worn)
 l - the +7 ice dragon scales of Philately (worn) {rF- rC++ Int+4 Dex+5 Stlth+}
   (You found it in the Dungeon)

   It affects your intelligence (+4).
   It affects your dexterity (+5).
   It makes you vulnerable to fire.
   It greatly protects you from cold.
   It makes you more stealthy.
 A - a +0 large shield of reflection (worn) {Reflect}
 F - the +0 robe "Zyupaeh" {rPois Regen+ Dex-2 Stlth+}
   (You acquired it in the Dungeon)

   It affects your dexterity (-2).
   It protects you from poison.
   It increases your rate of regeneration.
   It makes you more stealthy.
Magical Staves
 w - an uncursed staff of death {rN+}
Jewellery
 c - an uncursed ring of protection from cold {rC+}
 f - an uncursed ring of protection from fire {rF+}
 m - an uncursed ring of protection from magic {MR+}
 o - an uncursed ring of poison resistance {rPois}
 s - an uncursed ring of see invisible {SInv}
 t - a ring of protection from fire (right claw) {rF+}
 y - an uncursed ring of positive energy {rN+}
 C - the amulet "Zirit" {Faith rElec Int+4 Dex+3}
   (You found it in the Dungeon)

   [amulet of faith]

   It allows you to gain divine favour quickly.
   It affects your intelligence (+4).
   It affects your dexterity (+3).
   It insulates you from electricity.
 E - an uncursed ring of protection from fire {rF+}
 J - a ring of flight (left claw) {+Fly}
 P - the brooch of Shielding {Reflect SH+8}
   (You found it in the Dungeon)

   [amulet of reflection]

   It shields you and reflects attacks.
   It affects your SH (+8).
 S - the amulet of Recklessness (around neck) {rN+ Regen+ SInv}
   (You found it in the Dungeon)

   [amulet of regeneration]

   It protects you from negative energy.
   It lets you see invisible.
   It increases your rate of regeneration.
 U - an uncursed amulet of rage {+Rage}
Wands
 D - a wand of digging (8)
 I - a wand of iceblast (8)
 O - a wand of clouds (5)
Scrolls
 d - 5 scrolls of acquirement
 j - 2 scrolls of holy word
 k - a scroll of fear
 r - a scroll of fog
 M - a scroll of magic mapping
 N - a scroll of remove curse {@r2}
 R - 7 scrolls of identify
 T - 3 scrolls of amnesia
 V - 2 scrolls of silence
Potions
 g - 4 potions of mutation {!q}
 h - 2 potions of magic
 i - a potion of berserk rage
 n - 2 potions of cancellation
 x - a potion of might {Str+5 DMG+1d10 | @q3}
 H - a potion of haste {@q5}
 Y - a potion of lignification
Comestibles
 z - 27 rations


   Skills:
 + Level 15.7 Fighting
 + Level 17.4 Armour
 + Level 18.1 Dodging
 - Level 15.0 Shields
 + Level 23.2 Unarmed Combat
 - Level 3.3 Conjurations
 - Level 5.4 Translocations
 - Level 3.0 Air Magic
 - Level 3.3 Poison Magic
 - Level 20.6 Invocations


You had 10 spell levels left.
You knew the following spells:

 Your Spells              Type           Power        Failure   Level  Hunger
d - Blink                 Tloc           N/A          12%         2    ###....
m - Mephitic Cloud        Conj/Pois/Air  #.......     50%         3    ####...

Your spell library contained the following spells:

 Spells                   Type           Power        Failure   Level  Hunger
 Apportation              Tloc           #.....       8%          1    ##.....
 Magic Dart               Conj           #...         19%         1    ##.....
 Gell's Gravitas          Tloc           #.........   22%         3    ####...
 Shroud of Golubria       Chrm/Tloc      #.........   34%         2    ###....
 Corona                   Hex            #......      56%         1    ##.....
 Portal Projectile        Hex/Tloc       #.....       56%         3    ####...
 Call Imp                 Summ           #.......     71%         2    ###....
 Passwall                 Tmut/Erth      #.......     71%         2    ###....
 Slow                     Hex            #.......     71%         2    ###....
 Conjure Flame            Conj/Fire      #.......     71%         3    ####...
 Ignite Poison            Fire/Tmut/Pois #.......     80%         3    ####...
 Inner Flame              Hex/Fire       #.......     91%         3    ####...
 Cause Fear               Hex            #.........   100%        4    #####..
 Leda's Liquefaction      Hex/Erth       #.........   100%        4    #####..
 Fireball                 Conj/Fire      #.........   100%        5    ######.
 Irradiate                Conj/Tmut      #.........   100%        5    ######.
 Bolt of Fire             Conj/Fire      #.........   100%        6    #######
 Malign Gateway           Summ/Tloc      #.........   100%        7    #######
 Monstrous Menagerie      Summ           #.........   100%        7    #######
 Ring of Flames           Chrm/Fire      #.........   100%        7    #######
 Summon Greater Demon     Summ           #.........   100%        7    #######
 Ignition                 Fire           #.........   100%        8    #######
 Summon Horrible Things   Summ           #.........   100%        8    #######


Dungeon Overview and Level Annotations

Branches:
Dungeon (1/1)

Altars:
Cheibriados
Dithmenos
Elyvilon
Fedhas
Gozag
Hepliaklqana
Kikubaaqudgha
Makhleb
Nemelex Xobeh
Okawaru
Qazlal
Ru
Sif Muna
Trog
Uskayaw
Vehumet
Wu Jian
Xom
Yredelemnul
Zin
The Shining One
Beogh
Jiyva
Lugonu

Shops:
D [:!!(:%:(![!}%*:[=

Annotations:
D exclusion: 2 statues, Mennas


Innate Abilities, Weirdness & Mutations

You are too large for most types of armour.
You have claws for hands.
Your metabolism is lightning-fast.
You like to eat raw meat.
Your natural rate of healing is unusually fast.
You are covered in fur. (AC +1)
You have extremely tough skin. (AC +3)
Your muscles are strong. (Str +2)
You expend magic power (3 MP) to strengthen your wands.


Message History

Mennas hits you with a +1 trishula of holy wrath.
* * * LOW HITPOINT WARNING * * *
Mennas hits you but does no damage.
Mennas hits you with a +1 trishula of holy wrath.
* * * LOW HITPOINT WARNING * * *
You take 3 damage, and have 16/261 hp.
Mennas blocks your attack.
Mennas is severely wounded.
Mennas completely misses you.
Mennas hits you with a +1 trishula of holy wrath.
* * * LOW HITPOINT WARNING * * *
You take 5 damage, and have 11/261 hp.
You bump into the metal wall.
Mennas hits you but does no damage. x2
You completely miss Mennas.
Mennas is severely wounded.
You are no longer berserk.
You are exhausted.
You feel yourself slow down. Mennas completely misses you.
Mennas hits you with a +1 trishula of holy wrath!
You die...

##### ♣.≈..≈.≈.≈≈♣
#########.#... ....#
♣.♣.≈.°.≈..♣
#.#.#.#.#.§.§. ....#
♣♣♣♣♣♣♣♣∩∩∩♣
#.......§§§... ##### ♣♣♣♣♣
#...........§.
###############'##########
≈....≈8#...###...##
......≈#...##.....##
.......#[###.......#
.......(A@.'.......+
.......#'###.......#
......≈#≈≈≈##.....##
≈....≈8#+#+###...##
##++### ##+##


You could see Mennas.

Vanquished Creatures
  2 greater mummies (D)
  Boris (D)
  Frederick (D)
  2 golden dragons (D)
  Rupert (D)
  A lich (D)
  A deep elf blademaster (D)
  A titan (D)
  Gastronok (D)
  2 sphinxes (D)
  3 shadow dragons (D)
  Frances (D)
  A nagaraja (D)
  Donald (D)
  4 azure jellies (D)
  2 fire giants (D)
  A frost giant (D)
  A deep elf demonologist (D)
  Azrael (D)
  2 dire elephants (D)
  2 deep elf annihilators (D)
  A deep elf death mage (D)
  8 mummy priests (D)
  A deep elf high priest (D)
  Erolcha (D)
  2 yaktaur captains (D)
  16 vault guards (D)
  A fire dragon (D)
  An ice dragon (shapeshifter) (D)
  3 hydras (D)
  A naga warrior (D)
  4 ice dragons (D)
  2 centaur warriors (D)
  2 anacondas (D)
  4 dancing weapons (D)
  An ogre mage (D)
  4 death yaks (D)
  A titan zombie (D)
  Urug (D)
  A deep elf knight (D)
  6 skeletal warriors (D)
  A spectral iron dragon (D)
  An anaconda zombie (D)
  A spriggan druid (D)
  An obsidian statue (D)
  A death drake (D)
  An orange crystal statue (D)
  A lindwurm (D)
  4 ugly things (D)
  A faun (shapeshifter) (D)
  An orc knight (D)
  4 crystal guardians (D)
  A wolf spider (shapeshifter) (D)
  6 deep elf magi (D)
  A moth of wrath (shapeshifter) (D)
  4 black mambas (D)
  A guardian serpent (D)
  2 elephants (D)
  4 statues (D)
  2 spiny frogs (D)
  A rime drake (D)
  A komodo dragon (D)
  14 guardian mummies (D)
  3 wandering mushrooms (D)
  4 spriggan defenders (D)
  A queen bee (D)
  2 tyrant leeches (D)
  7 slime creatures (D)
  8 blink frogs (D)
  2 spriggans (D)
  5 redbacks (D)
  A shadow (D)
  2 nagas (D)
  An iron troll simulacrum (D)
  A spatial vortex (D)
  6 water moccasins (D)
  A floating eye (D)
  4 hydra simulacra (D)
  A swamp drake (D)
  2 orc warriors (D)
  A fire dragon simulacrum (D)
  A black mamba simulacrum (D)
  A necrophage (D)
  5 two-headed ogres (D)
  A water elemental (D)
  32 killer bees (D)
  An electric eel (D)
  A jelly (D)
  5 orc priests (D)
  A wizard (D)
  Crazy Yiuf (D)
  Jessica (D)
  A necromancer (D)
  5 orc wizards (D)
  3 humans (D)
  A kobold demonologist (D)
  5 adders (D)
  An ooze (D)
  2 swamp drake simulacra (D)
  9 orcs (D)
  2 rats (D)
  6 butterflies (D)
  4 plants (D)
288 creatures vanquished.

Vanquished Creatures (others)
  Chuck (D)
  2 draconian scorchers (D)
  A stone giant (D)
  A yaktaur captain (D)
  6 hellions (D)
  5 yaktaurs (D)
  A bush (D)
  4 plants (D)
21 creatures vanquished.

Grand Total: 309 creatures vanquished

Notes
Turn   | Place    | Note
-------+----------+-------------------------------------------
     0 | D        | Redear the Troll Fighter began the quest for the Orb.
     0 | D        | Reached XP level 1. HP: 22/22 MP: 0/0
    12 | D        | Noticed Jessica
    16 | D        | Killed a yaktaur
    17 | D        | Killed Jessica
    17 | D        | Reached skill level 3 in Fighting
    17 | D        | Reached skill level 3 in Dodging
    17 | D        | Reached skill level 3 in Shields
    17 | D        | Reached skill level 3 in Unarmed Combat
    17 | D        | Reached XP level 2. HP: 31/31 MP: 1/1
    17 | D        | Reached XP level 3. HP: 37/37 MP: 2/2
    47 | D        | Reached skill level 4 in Unarmed Combat
    49 | D        | Noticed Crazy Yiuf
    59 | D        | Killed Crazy Yiuf
    59 | D        | Reached skill level 4 in Fighting
    59 | D        | Reached skill level 4 in Dodging
    59 | D        | Reached skill level 4 in Shields
    59 | D        | Reached XP level 4. HP: 26/48 MP: 0/3
    76 | D        | Killed a hellion
    88 | D        | Gained mutation: Your muscles are strong. (Str +2) [potion
                  | of mutation]
    88 | D        | Gained mutation: Your mind is acute. (Int +2) [potion of
                  | mutation]
    88 | D        | Gained mutation: You expend magic power (3 MP) to
                  | strengthen your wands. [potion of mutation]
    91 | D        | Killed a hellion
    93 | D        | Killed a hellion
    94 | D        | Killed a hellion
    94 | D        | Killed a hellion
    96 | D        | Killed a hellion
   169 | D        | Noticed a water elemental
   173 | D        | Killed a water elemental
   173 | D        | Reached skill level 5 in Unarmed Combat
   179 | D        | Found a hide-covered altar of Uskayaw.
   179 | D        | Found a roughly hewn altar of Beogh.
   179 | D        | Found an iron altar of Okawaru.
   179 | D        | Found a bloodstained altar of Trog.
   179 | D        | Found an ornate altar of the Wu Jian Council.
   179 | D        | Noticed a human
   179 | D        | Noticed a human
   195 | D        | Killed a human
   195 | D        | Reached skill level 5 in Fighting
   195 | D        | Reached skill level 5 in Dodging
   195 | D        | Reached skill level 5 in Shields
   195 | D        | Reached skill level 6 in Unarmed Combat
   195 | D        | Reached XP level 5. HP: 36/59 MP: 4/4
   195 | D        | Reached XP level 6. HP: 41/67 MP: 5/5
   197 | D        | Killed a human
   197 | D        | Reached skill level 6 in Fighting
   197 | D        | Reached skill level 6 in Dodging
   197 | D        | Reached skill level 6 in Shields
   197 | D        | Reached skill level 7 in Unarmed Combat
   207 | D        | Killed a white draconian scorcher
   223 | D        | Killed a white draconian scorcher
   228 | D        | Killed a yaktaur
   241 | D        | Found a basalt altar of Yredelemnul.
   241 | D        | Found a shadowy altar of Dithmenos.
   241 | D        | Found a sacrificial altar of Ru.
   252 | D        | Reached XP level 7. HP: 75/76 MP: 6/6
   267 | D        | Found a radiant altar of Vehumet.
   268 | D        | Found a deep blue altar of Sif Muna.
   268 | D        | Found an ancient bone altar of Kikubaaqudgha.
   286 | D        | Found a glowing silver altar of Zin.
   287 | D        | Found a glowing golden altar of the Shining One.
   287 | D        | Found a white marble altar of Elyvilon.
   287 | D        | Noticed a deep elf mage
   294 | D        | Killed a deep elf mage
   294 | D        | Reached skill level 7 in Fighting
   294 | D        | Reached skill level 7 in Dodging
   294 | D        | Reached skill level 7 in Shields
   294 | D        | Reached skill level 8 in Unarmed Combat
   309 | D        | Noticed a shadow
   317 | D        | HP: 5/79 [something (34)]
   322 | D        | Killed a shadow
   322 | D        | Reached skill level 9 in Unarmed Combat
   322 | D        | Reached XP level 8. HP: 37/88 MP: 7/7
   324 | D        | Reached skill level 8 in Fighting
   324 | D        | Reached skill level 8 in Dodging
   324 | D        | Reached skill level 8 in Shields
   404 | D        | Found a blossoming altar of Fedhas.
   404 | D        | Found a stormy altar of Qazlal.
   405 | D        | Found a snail-covered altar of Cheibriados.
   405 | D        | Found a burning altar of Makhleb.
   405 | D        | Found a hazy altar of Hepliaklqana.
   405 | D        | Found a shimmering altar of Xom.
   405 | D        | Found an opulent altar of Gozag.
   405 | D        | Found a sparkling altar of Nemelex Xobeh.
   405 | D        | Found a corrupted altar of Lugonu.
   405 | D        | Found a viscous altar of Jiyva.
   407 | D        | Became a worshipper of Cheibriados the Contemplative
   438 | D        | Reached * piety under Cheibriados
   451 | D        | Reached ** piety under Cheibriados
   549 | D        | Noticed a two-headed ogre
   554 | D        | Killed a two-headed ogre
   554 | D        | Reached skill level 10 in Unarmed Combat
   618 | D        | Noticed a two-headed ogre
   618 | D        | Noticed Erolcha
   620 | D        | Killed Erolcha
   620 | D        | Reached skill level 9 in Fighting
   620 | D        | Reached skill level 9 in Dodging
   620 | D        | Reached skill level 9 in Shields
   620 | D        | Reached XP level 9. HP: 100/100 MP: 8/8
   625 | D        | Killed a two-headed ogre
   625 | D        | Reached skill level 11 in Unarmed Combat
   633 | D        | Reached *** piety under Cheibriados
   638 | D        | Reached **** piety under Cheibriados
   650 | D        | Noticed a wandering mushroom
   654 | D        | Noticed a wandering mushroom
   656 | D        | Noticed a wandering mushroom
   658 | D        | Killed a wandering mushroom
   667 | D        | Reached skill level 10 in Fighting
   667 | D        | Reached skill level 10 in Dodging
   667 | D        | Reached skill level 10 in Shields
   671 | D        | Killed a wandering mushroom
   671 | D        | Reached ***** piety under Cheibriados
   677 | D        | Noticed a spiny frog
   677 | D        | Noticed a komodo dragon
   677 | D        | Noticed a spiny frog
   684 | D        | Killed a spiny frog
   684 | D        | Reached XP level 10. HP: 110/110 MP: 9/9
   686 | D        | Killed a spiny frog
   688 | D        | Reached skill level 12 in Unarmed Combat
   696 | D        | Reached ****** piety under Cheibriados
   716 | D        | Reached skill level 11 in Fighting
   716 | D        | Reached skill level 11 in Dodging
   716 | D        | Reached skill level 11 in Shields
   756 | D        | Noticed a lindwurm
   759 | D        | Killed a lindwurm
   759 | D        | Reached skill level 13 in Unarmed Combat
   839 | D        | Noticed Urug
   844 | D        | Killed Urug
   851 | D        | Noticed a five-headed hydra
   851 | D        | Noticed a four-headed hydra
   877 | D        | Killed an eight-headed hydra
   877 | D        | Reached skill level 1 in Invocations
   877 | D        | Reached XP level 11. HP: 82/123 MP: 9/11
   887 | D        | Killed an 11-headed hydra
   887 | D        | Reached skill level 2 in Invocations
  1031 | D        | Noticed a death drake
  1041 | D        | Killed a death drake
  1041 | D        | Reached skill level 3 in Invocations
  1046 | D        | Found a blossoming altar of Fedhas.
  1046 | D        | Noticed a spriggan druid
  1047 | D        | Killed a spriggan druid
  1047 | D        | Reached skill level 12 in Fighting
  1047 | D        | Reached skill level 12 in Dodging
  1047 | D        | Reached skill level 12 in Shields
  1076 | D        | Noticed an ice dragon
  1076 | D        | Noticed an ice dragon
  1083 | D        | Killed an ice dragon
  1083 | D        | Reached skill level 14 in Unarmed Combat
  1083 | D        | Reached skill level 4 in Invocations
  1089 | D        | Killed an ice dragon
  1096 | D        | Found Loanuz's Antique Weapon Emporium.
  1096 | D        | Found Ysiomiuc's Book Shop.
  1096 | D        | Found Ruecoich's Food Shoppe.
  1184 | D        | Found Pootowome's Distillery.
  1184 | D        | Noticed an orc knight
  1197 | D        | Killed an orc knight
  1211 | D        | Reached skill level 5 in Invocations
  1278 | D        | Bought a potion of might for 44 gold pieces
  1278 | D        | Bought a potion of cancellation for 88 gold pieces
  1278 | D        | Bought a potion of invisibility for 88 gold pieces
  1278 | D        | Bought a potion of cancellation for 88 gold pieces
  1278 | D        | Bought a potion of ambrosia for 88 gold pieces
  1278 | D        | Bought a potion of agility for 44 gold pieces
  1283 | D        | Noticed a deep elf mage
  1283 | D        | Noticed a deep elf mage
  1283 | D        | Noticed a deep elf mage
  1283 | D        | Noticed a deep elf knight
  1283 | D        | Noticed a deep elf mage
  1290 | D        | Killed a deep elf knight
  1290 | D        | Reached skill level 1 in Armour
  1296 | D        | Killed a deep elf mage
  1296 | D        | Reached skill level 2 in Armour
  1300 | D        | Killed a deep elf mage
  1302 | D        | Killed a deep elf mage
  1305 | D        | Killed a deep elf mage
  1305 | D        | Reached skill level 3 in Armour
  1305 | D        | Reached skill level 6 in Invocations
  1361 | D        | Reached XP level 12. HP: 133/133 MP: 4/15
  1367 | D        | Reached skill level 4 in Armour
  1421 | D        | Noticed Donald
  1421 | D        | Noticed Frances
  1432 | D        | Killed Donald
  1432 | D        | Reached skill level 13 in Fighting
  1432 | D        | Reached skill level 13 in Dodging
  1432 | D        | Reached skill level 15 in Unarmed Combat
  1432 | D        | Reached skill level 7 in Invocations
  1442 | D        | Killed Frances
  1442 | D        | Reached skill level 5 in Armour
  1690 | D        | Reached skill level 8 in Invocations
  1757 | D        | Reached skill level 6 in Armour
  1767 | D        | Noticed a centaur warrior
  1773 | D        | Killed a centaur warrior
  1790 | D        | Noticed a fire dragon
  1803 | D        | Killed a fire dragon
  1904 | D        | Reached skill level 9 in Invocations
  1908 | D        | Reached skill level 7 in Armour
  1908 | D        | Reached skill level 16 in Unarmed Combat
  1980 | D        | Noticed a yaktaur captain
  1999 | D        | Reached skill level 14 in Fighting
  1999 | D        | Reached skill level 14 in Dodging
  2072 | D        | Killed a yaktaur captain
  2072 | D        | Reached XP level 13. HP: 119/146 MP: 19/19
  2110 | D        | Noticed a sphinx
  2110 | D        | Noticed a sphinx
  2149 | D        | Noticed Chuck
  2196 | D        | Found Aduik's Gadget Emporium.
  2196 | D        | Found Besaeble's Assorted Antiques.
  2196 | D        | Found Uruster's Antique Armour Boutique.
  2196 | D        | Found Feaso's Jewellery Shoppe.
  2196 | D        | Found Qynguoff's Distillery.
  2196 | D        | Found Hoebb's Food Emporium.
  2196 | D        | Found Qireaq's Distillery.
  2196 | D        | Found Cabem's Antique Armour Shop.
  2196 | D        | Found Voamn's Antique Weapon Shop.
  2196 | D        | Found Ollin's Magic Scroll Emporium.
  2196 | D        | Found Ufoiliuw's Book Emporium.
  2196 | D        | Found Nunyliurgh's Book Boutique.
  2244 | D        | Learned a level 2 spell: Blink
  2248 | D        | Learned a level 3 spell: Mephitic Cloud
  2249 | D        | Bought a scroll of blinking for 105 gold pieces
  2249 | D        | Bought a scroll of fog for 28 gold pieces
  2249 | D        | Bought a scroll of identify for 28 gold pieces
  2249 | D        | Bought a scroll of identify for 28 gold pieces
  2249 | D        | Bought a scroll of identify for 28 gold pieces
  2250 | D        | Bought a glowing robe for 66 gold pieces
  2251 | D        | Bought an uncursed ring of protection from cold for 300
                  | gold pieces
  2254 | D        | Bought a scroll labeled IGAEMY EWAGUO for 16 gold pieces
  2254 | D        | Bought a potion of cancellation for 128 gold pieces
  2254 | D        | Bought a potion of curing for 48 gold pieces
  2257 | D        | Bought a potion of heal wounds for 60 gold pieces
  2257 | D        | Bought a potion of heal wounds for 60 gold pieces
  2257 | D        | Bought a potion of agility for 48 gold pieces
  2535 | D        | Reached skill level 10 in Invocations
  2703 | D        | HP: 6/146 [something (26)]
  2986 | D        | Reached skill level 8 in Armour
  2997 | D        | HP: 13/146 [14-headed hydra (11)]
  2997 | D        | HP: 5/146 [14-headed hydra (8)]
  3015 | D        | Got a decaying rune of Zot
  3214 | D        | Noticed Rupert
  3223 | D        | Killed Rupert
  3223 | D        | Reached skill level 1 in Translocations
  3242 | D        | Reached skill level 2 in Translocations
  3251 | D        | Reached skill level 9 in Armour
  3266 | D        | Reached skill level 17 in Unarmed Combat
  3266 | D        | Reached skill level 11 in Invocations
  3268 | D        | Noticed an azure jelly
  3268 | D        | Noticed an azure jelly
  3269 | D        | Noticed an azure jelly
  3269 | D        | Noticed an azure jelly
  3271 | D        | Reached skill level 3 in Translocations
  3302 | D        | Killed an azure jelly
  3305 | D        | Killed an azure jelly
  3310 | D        | Killed an azure jelly
  3310 | D        | Reached skill level 15 in Fighting
  3310 | D        | Reached skill level 15 in Dodging
  3310 | D        | Reached skill level 4 in Translocations
  3322 | D        | Killed an azure jelly
  3575 | D        | Reached skill level 10 in Armour
  3589 | D        | Reached skill level 5 in Translocations
  3612 | D        | Noticed a nagaraja
  3624 | D        | Reached XP level 14. HP: 153/159 MP: 21/21
  3628 | D        | Killed a nagaraja
  3628 | D        | Reached skill level 12 in Invocations
  3650 | D        | Found Maseifroro's Antique Armour Boutique.
  3650 | D        | Found Lisep's Book Emporium.
  3652 | D        | Found Lilij's Distillery.
  3660 | D        | Bought a potion of heal wounds for 55 gold pieces
  3660 | D        | Bought a potion of flight for 33 gold pieces
  3675 | D        | Got a serpentine rune of Zot
  3772 | D        | Noticed Gastronok
  3778 | D        | Reached skill level 1 in Conjurations
  3778 | D        | Reached skill level 1 in Poison Magic
  3783 | D        | Reached skill level 1 in Air Magic
  3795 | D        | Killed Gastronok
  3795 | D        | Reached skill level 2 in Conjurations
  3795 | D        | Reached skill level 2 in Air Magic
  3795 | D        | Reached skill level 2 in Poison Magic
  3932 | D        | Bought a scroll of enchant armour for 105 gold pieces
  3990 | D        | Killed Chuck
  3990 | D        | Reached skill level 18 in Unarmed Combat
  4089 | D        | Noticed Frederick
  4098 | D        | Was placed under penance by Cheibriados
  4116 | D        | Killed Frederick
  4116 | D        | Was forgiven by Cheibriados
  4116 | D        | Reached skill level 11 in Armour
  4116 | D        | Reached skill level 3 in Conjurations
  4116 | D        | Reached skill level 3 in Air Magic
  4116 | D        | Reached skill level 3 in Poison Magic
  4263 | D        | Noticed a lich
  4267 | D        | Killed a lich
  4283 | D        | Reached skill level 13 in Invocations
  4284 | D        | Noticed a shadow dragon
  4285 | D        | Noticed a shadow dragon
  4290 | D        | Killed a shadow dragon
  4290 | D        | Reached skill level 16 in Dodging
  4301 | D        | Killed a shadow dragon
  4387 | D        | Noticed a shadow dragon
  4388 | D        | Noticed a stone giant
  4388 | D        | Noticed a frost giant
  4388 | D        | Noticed a fire giant
  4388 | D        | Noticed a fire giant
  4388 | D        | Noticed a golden dragon
  4388 | D        | Noticed a golden dragon
  4388 | D        | Noticed a titan
  4392 | D        | Reached skill level 13 in Shields
  4393 | D        | Reached skill level 12 in Armour
  4393 | D        | Reached skill level 19 in Unarmed Combat
  4393 | D        | Reached skill level 14 in Invocations
  4393 | D        | Reached XP level 15. HP: 169/169 MP: 8/24
  4399 | D        | Killed a fire giant
  4399 | D        | Reached skill level 17 in Dodging
  4400 | D        | Killed a golden dragon
  4400 | D        | Reached skill level 13 in Armour
  4400 | D        | Reached skill level 14 in Shields
  4403 | D        | Killed a titan
  4409 | D        | Killed a golden dragon
  4409 | D        | Reached skill level 15 in Invocations
  4411 | D        | Killed a frost giant
  4411 | D        | Reached skill level 20 in Unarmed Combat
  4412 | D        | Killed a fire giant
  4415 | D        | Killed a shadow dragon
  4436 | D        | Found the +8 lance "Wyrmbane" {slay drac, rPois rF+ rC+
                  | AC+3}
  4448 | D        | Got a silver rune of Zot
  4456 | D        | Identified the Disquisition on Unstable Transmutation
  4463 | D        | Got a crude platinum amulet
  4649 | D        | Noticed a deep elf blademaster
  4659 | D        | Killed a deep elf blademaster
  4659 | D        | Reached skill level 14 in Armour
  4659 | D        | Reached skill level 15 in Shields
  4775 | D        | Got a transparent robe
  4786 | D        | Identified the +0 robe "Zyupaeh" {rPois Regen+ Dex-2
                  | Stlth+} (You acquired it in the Dungeon)
  4793 | D        | Identified the amulet "Zirit" {Faith rElec Int+4 Dex+3}
                  | (You found it in the Dungeon)
  4801 | D        | Reached skill level 18 in Dodging
  4801 | D        | Reached skill level 16 in Invocations
  4811 | D        | Found the brooch of Shielding {Reflect SH+8}
  4811 | D        | Got a scorched steel amulet
  4821 | D        | Got a wavering pewter ring
  4846 | D        | Got pitted ice dragon scales
  4862 | D        | Identified the +7 ice dragon scales of Philately {rF- rC++
                  | Int+4 Dex+5 Stlth+} (You found it in the Dungeon)
  5042 | D        | Noticed Azrael
  5047 | D        | Killed Azrael
  5099 | D        | HP: 14/169 [poison (dark miasma)]
  5438 | D        | Bought an uncursed ring of protection from fire for 300
                  | gold pieces
  5439 | D        | Identified the amulet of Recklessness {rN+ Regen+ SInv}
                  | (You found it in the Dungeon)
  5440 | D        | Identified the ring of the Moon {+Blink rPois Stlth+} (You
                  | found it in the Dungeon)
  5460 | D        | Bought an uncursed ring of protection from magic for 300
                  | gold pieces
  5570 | D        | Reached skill level 21 in Unarmed Combat
  5579 | D        | Noticed an ancient lich
  5667 | D        | Reached skill level 17 in Invocations
  5680 | D        | Killed a sphinx
  5680 | D        | Reached skill level 15 in Armour
  5682 | D        | Paralysed by a sphinx for 4 turns
  5694 | D        | Killed a sphinx
  5776 | D        | Reached skill level 18 in Invocations
  5776 | D        | Reached XP level 16. HP: 108/177 MP: 26/28
  5864 | D        | Lost mutation: Your mind is acute. (Int +2) [the power of
                  | Zot]
  5910 | D        | Noticed a greater mummy
  5912 | D        | Noticed a greater mummy
  5932 | D        | Identified the ring "Unluhuaw" {*Drain MR+ Slay+5}
  5933 | D        | Identified the cursed +3 broad axe "Kouroexu" {freeze,
                  | rPois rC+ Dex+3}
  5943 | D        | Reached skill level 19 in Invocations
  5948 | D        | Reached skill level 16 in Armour
  5948 | D        | Reached skill level 22 in Unarmed Combat
  6074 | D        | Killed a greater mummy
  6080 | D        | Killed a greater mummy
  6080 | D        | Reached skill level 20 in Invocations
  6091 | D        | Got a golden rune of Zot
  6242 | D        | Reached skill level 17 in Armour
  6243 | D        | Noticed Boris
  6250 | D        | Killed Boris
  6250 | D        | Reached skill level 23 in Unarmed Combat
  6266 | D        | Noticed Mennas
  6305 | D        | HP: 10/174 [Mennas/+1 trishula of holy wrath (13)]
  6306 | D        | Was placed under penance by Cheibriados
  6311 | D        | Slain by Mennas

Levels and vault maps discovered:
D:        dungeon_sprint_mu [sprint_mu_entry_forest, sprint_mu_temple_rooms,
          sprint_mu_d1_spiders, sprint_mu_d2_genie, sprint_mu_d3_branching,
          sprint_mu_orc_legion, sprint_mu_elf_gauntlet, sprint_mu_hive_nellie,
          sprint_mu_lair_fedhas, sprint_mu_vaults_butterflies,
          sprint_mu_slime_circle, sprint_mu_swamp_cave, sprint_mu_snake_twists,
          sprint_mu_blade_basic, sprint_mu_crypt_lich, sprint_mu_tomb_spiral,
          sprint_mu_vestibule_basic, sprint_mu_gehenna_hellfire,
          sprint_mu_dis_giant, sprint_mu_tartarus_statrot,
          sprint_mu_cocytus_islands, sprint_mu_zot1]

Skill      XL: |  1  2  3  4  5  6  7  8  9 10 11 12 13 14 15 16 |
---------------+-------------------------------------------------+-----
Fighting       | 3 4 5 6 7 9 10 11 12 14 15 | 15.7
Dodging        | 3 4 5 6 7 9 10 11 12 14 15 16 18 | 18.1
Shields        | 3 4 5 6 7 9 10 11 12 13 15 | 15.0
Unarmed Combat | 3 4 6 7 9 10 11 13 14 16 17 19 21 23 | 23.2
Invocations    | 1 6 9 11 14 18 20 | 20.6
Armour         | 3 7 10 12 15 17 | 17.4
Translocations | 5 |  5.4
Conjurations   | 3 |  3.3
Poison Magic   | 3 |  3.3
Air Magic      | 3 |  3.0

Action                   |  1- 3 |  4- 6 |  7- 9 | 10-12 | 13-15 | 16-18 || total
-------------------------+-------+-------+-------+-------+-------+-------++-------
Melee: Unarmed           |    22 |    29 |    72 |   240 |   345 |   137 ||   845
 Cast: Mephitic Cloud    |       |       |       |       |     5 |       ||     5
Invok: Slouch            |       |       |       |    11 |    10 |     2 ||    23
       Bend Time         |       |       |       |       |     1 |     2 ||     3
       Temporal Distorti |       |       |       |       |     1 |       ||     1
       Step From Time    |       |       |       |       |       |     3 ||     3
 Abil: Evoke Berserk Rag |       |       |       |       |     1 |       ||     1
       Evoke Flight      |       |       |       |       |     2 |       ||     2
  Use: Potion            |       |     1 |     3 |     1 |    12 |     8 ||    25
       Scroll            |       |       |       |       |    16 |     1 ||    17
 Stab: Sleeping          |       |       |     1 |     5 |     4 |       ||    10
       Invisible         |       |       |       |       |     4 |       ||     4
       Distracted        |       |       |       |       |       |     1 ||     1
  Eat: Chunk             |       |     2 |     9 |     9 |    27 |     1 ||    48
Armor: Robe              |     4 |     1 |     3 |     9 |    20 |       ||    37
       Ice dragon scales |       |       |       |       |    17 |    37 ||    54
Dodge: Dodged            |     4 |     6 |    21 |   104 |   190 |    64 ||   389
Block: Shield            |     9 |    13 |    28 |   150 |   129 |       ||   329
       Large shield      |       |       |       |       |   120 |   145 ||   265
       Reflection        |       |       |       |       |    22 |     3 ||    25

Table legend:
 A = Non-vault XP
 B = Vault XP
 C = Vault XP percentage of total XP
 D = Non-vault monster count
 E = Vault monster count
 F = Vault count percentage of total count
                 A         B        C        D         E       F
            +---------+---------+-------+---------+---------+-------
      Total |       0 |  185924 | 100.0 |       0 |     283 | 100.0
            +---------+---------+-------+---------+---------+-------
          D |       0 |  185924 | 100.0 |       0 |     283 | 100.0
            +---------+---------+-------+---------+---------+-------
